 Dungeon Crawl Stone Soup version 0.21.1-1-g345015f (webtiles) character file.

11596 Inarius the Slasher (level 11, -1/58 HPs)
             Began as a Vine Stalker Fighter on Feb 16, 2018.
             Was a High Priest of Makhleb.
             Slain by a wolf (5 damage)
             ... led by Grum
             ... on level 11 of the Dungeon.
             The game lasted 00:32:38 (9763 turns).

Inarius the Slasher (Vine Stalker Fighter)          Turns: 9763, Time: 00:32:39

Health: -1/58      AC: 15    Str: 24    XL:     11   Next: 80%
Magic:  0/15       EV:  9    Int:  6    God:    Makhleb [*****.]
Gold:   370        SH: 10    Dex: 15    Spells: 7/11 levels left

rFire    + . .     SeeInvis .   r - +2 rapier of the Crawling Thing {freeze, rElec Str+3 Int-2}
rCold    . . .     Gourm    .   c - +0 shield
rNeg     . . .     Faith    .   L - +3 scale mail
rPois    +         Spirit   +   b - +0 helmet
rElec    +         Reflect  .   A - +1 cloak
rCorr    .         Harm     .   B - +0 pair of gloves
MR       +....                  (no boots)
Stlth    ..........             (no amulet)
HPRegen  0.59/turn              z - ring of protection from fire
MPRegen  0.14/turn              M - ring of poison resistance

@: about to teleport, heavily drained
A: fangs 3, regeneration 1, magic shield, antimagic bite, no potion heal 3, rot
immunity
a: Minor Destruction, Lesser Servant of Makhleb, Major Destruction, Greater
Servant of Makhleb, Renounce Religion


You were on level 11 of the Dungeon.
You worshipped Makhleb.
Makhleb was extremely pleased with you.
You were hungry.

You visited 2 branches of the dungeon, and saw 13 of its levels.
You also visited: Ossuary.

You collected 370 gold pieces.

Inventory:

Hand Weapons
 a - a +0 long sword
 r - the +2 rapier of the Crawling Thing (weapon) {freeze, rElec Str+3 Int-2}
   (You found it on level 8 of the Dungeon)

   It has been specially enchanted to freeze those struck by it, causing extra
   injury to most foes and up to half again as much damage against particularly
   susceptible opponents.
   It can also slow down cold-blooded creatures.
   It affects your strength (+3).
   It affects your intelligence (-2).
   It insulates you from electricity.
Armour
 b - a +0 helmet (worn)
 c - a +0 shield (worn)
 A - a +1 cloak (worn)
 B - a +0 pair of gloves (worn)
 L - a +3 scale mail (worn)
Jewellery
 g - an uncursed ring of wizardry
 z - a ring of protection from fire (left hand)
 H - an uncursed ring of ice
 M - a ring of poison resistance (right hand)
 N - an uncursed ring of protection from magic
Wands
 y - a wand of random effects (37)
 D - a wand of polymorph (23)
 E - a wand of acid (3)
 K - a wand of iceblast (10)
Scrolls
 d - a scroll of identify
 h - 2 scrolls of enchant weapon {unknown}
 l - 2 scrolls of remove curse
 n - 5 scrolls of fog
 p - 2 scrolls of immolation {unknown}
 s - 8 scrolls of teleportation
 t - a scroll of fear {unknown}
 x - 2 scrolls of torment {unknown}
 C - 2 scrolls of amnesia {unknown}
 J - a scroll of noise {unknown}
Potions
 e - a potion of haste {unknown}
 i - 5 potions of lignification
 j - 3 potions of flight
 k - 6 potions of brilliance
 m - 10 potions of curing
 q - a potion of magic {unknown}
 u - a potion of degeneration {unknown}
 v - 3 potions of resistance
 w - a potion of mutation {unknown}
 F - 2 potions of berserk rage {unknown}
 I - 2 potions of cancellation {unknown}
Books
 G - a book of Misfortune

   Spells                             Type                      Level
   a - Confusing Touch                Hexes                        1
   b - Confuse                        Hexes                        3
   c - Gell's Gravitas                Translocation                3
   d - Petrify                        Transmutation/Earth          4
   e - Metabolic Englaciation         Hexes/Ice                    5
   f - Yara's Violent Unravelling     Hexes/Transmutation          5
Comestibles
 f - 23 rations
 o - 9 chunks of flesh


   Skills:
 + Level 7.4(6.2) Fighting
 + Level 7.7(7.9) Short Blades
 + Level 7.7(7.9) Long Blades
 + Level 7.1(5.8) Armour
 + Level 3.6(2.4) Dodging
 + Level 2.4(1.4) Stealth
 - Level 4.1(2.9) Shields
 + Level 0.9(0.0) Spellcasting
 + Level 2.3(1.2) Transmutations
 + Level 2.1(1.1) Earth Magic
 + Level 5.1(3.9) Invocations
 - Level 1.5(0.4) Evocations


You had 7 spell levels left.
You knew the following spells:

 Your Spells              Type           Power        Failure   Level  Hunger
a - Petrify               Tmut/Erth      #.......     100%        4    #####..


Dungeon Overview and Level Annotations

Branches:
Dungeon (12/15)            Temple (1/1) D:7            Lair (0/6) D:9
    Orc (0/2) D:9

Altars:
Kikubaaqudgha
Makhleb
Okawaru
Ru
Trog
Wu Jian
Yredelemnul
The Shining One

Shops:
D:4 =

Annotations:
D:11 Grum, Josephine


Innate Abilities, Weirdness & Mutations

You have razor-sharp teeth.
Your natural rate of healing is unusually fast.
When hurt, damage is shared between your health and your magic reserves.
Your bite disrupts and absorbs the magic of your enemies.
Potions cannot restore your health.
You are immune to rotting.


Message History

The hellwing hits you but does no damage.
You see here a ring of ice.
You hit the hellwing. You freeze the hellwing.
You bite the hellwing, but do no damage.
The hellwing is lightly wounded.
The wolf barely misses you. The wolf bites you.
* * * LOW HITPOINT WARNING * * *
You block the wolf's attack. The wolf bites you.
* * * LOW HITPOINT WARNING * * *
The hellwing closely misses you.
The hellwing hits you but does no damage.
As you read the scroll of teleportation, it crumbles to dust.
You feel strangely unstable. You block the wolf's attack. x3
The hellwing hits you!
* * * LOW HITPOINT WARNING * * *
The hellwing hits you but does no damage.
The wolf bites you but does no damage. The wolf completely misses you.
You miss the wolf. Your bite misses the wolf.
The wolf bites you but does no damage. The wolf bites you!
You die...

#...............,,
#...............,,
#...............,,
#..#############**
#.g# #..# #..#
#hh######*********
#@4.......,<,,,,,,
##########********


You could see a hellwing, Grum and 2 wolves.

Vanquished Creatures
  A two-headed ogre (D:8)
  4 death yaks (D:9)
  A tengu warrior (D:9)
  A cyclops (D:9)
  Psyche (D:9)
  2 hippogriffs (D:9)
  2 wraiths (D:11)
  A shadow (D:12)
  6 yaks (D:10)
  A wyvern (D:8)
  A human (D:7)
  4 hogs (D:7)
  Menkaure (D:5)
  A warg (D:9)
  Edmund (D:4)
  4 sky beasts
  3 orc warriors
  2 necrophages
  A black bear (D:9)
  A phantom (D:4)
  8 ogres
  4 centaurs
  3 bullfrogs
  3 scorpions
  A wight (D:10)
  2 electric eels (D:6)
  12 killer bees
  3 howler monkeys
  4 crimson imps
  A centaur zombie (D:9)
  5 hounds
  7 orc wizards
  5 orc priests
  2 bullfrog zombies
  A gnoll shaman (D:8)
  A jelly (D:6)
  A bullfrog skeleton (D:5)
  A centaur skeleton (D:6)
  An iguana (D:12)
  4 worker ants
  A hound zombie (D:8)
  A hound skeleton (D:6)
  2 mummies (Ossuary)
  7 gnolls
  9 adders
  2 shadow imps
  4 oozes
  2 adder zombies
  9 worms
  3 dart slugs
  6 leopard geckos
  35 orcs
  4 giant cockroaches
  10 goblins
  3 hobgoblins (D:2)
  5 jackals
  3 quokkas
  A ball python (D:3)
  8 bats
  5 frilled lizards
  3 gnoll skeletons (Ossuary)
  A gnoll zombie (Ossuary)
  2 goblin skeletons (Ossuary)
  2 goblin zombies (Ossuary)
  2 hobgoblin skeletons (Ossuary)
  6 hobgoblin zombies (Ossuary)
  2 kobolds (D:2)
  4 kobold skeletons (Ossuary)
  3 kobold zombies
  2 leopard gecko skeletons
  An orc skeleton (Ossuary)
  An orc zombie (Ossuary)
  A quokka skeleton (D:6)
  A quokka zombie (D:8)
  5 rats
  A rat skeleton (Ossuary)
  3 rat zombies
268 creatures vanquished.

Vanquished Creatures (others)
  An orc wizard (D:9)
  2 mummies (Ossuary)
  A gnoll skeleton (Ossuary)
  2 goblin skeletons (Ossuary)
  4 hobgoblin skeletons (Ossuary)
  3 hobgoblin zombies (Ossuary)
  3 kobold zombies (Ossuary)
  2 orc skeletons (Ossuary)
  2 orc zombies (Ossuary)
  3 rat skeletons (Ossuary)
  3 rat zombies (Ossuary)
26 creatures vanquished.

Grand Total: 294 creatures vanquished

Notes
Turn   | Place    | Note
-------+----------+-------------------------------------------
     0 | D:1      | Inarius the Vine Stalker Fighter began the quest for the Orb.
     0 | D:1      | Reached XP level 1. HP: 11/11 MP: 2/2
   208 | D:1      | Reached XP level 2. HP: 12/16 MP: 1/3
   494 | D:1      | Reached XP level 3. HP: 20/20 MP: 4/4
  1507 | D:2      | Gained mutation: Your natural rate of healing is unusually fast. [Vine Stalker growth]
  1507 | D:2      | Reached XP level 4. HP: 11/24 MP: 5/5
  2098 | D:2      | Found an ornate altar of the Wu Jian Council.
  2101 | D:2      | Found a bloodstained altar of Trog.
  2104 | D:2      | Found a burning altar of Makhleb.
  2108 | D:2      | Became a worshipper of Makhleb the Destroyer
  2352 | D:2      | Reached XP level 5. HP: 23/28 MP: 3/6
  2851 | D:3      | Reached * piety under Makhleb
  3403 | D:4      | Noticed an ogre
  3413 | D:4      | Noticed Edmund
  3414 | D:4      | Killed an ogre
  3414 | D:4      | Reached XP level 6. HP: 34/34 MP: 7/7
  3427 | D:4      | Killed Edmund
  3449 | D:4      | Found Osutoer's Jewellery Boutique.
  3524 | D:4      | Found an iron altar of Okawaru.
  3659 | D:4      | Noticed a phantom
  3667 | D:4      | Killed a phantom
  3667 | D:4      | Reached skill level 1 in Dodging
  3667 | D:4      | Reached XP level 7. HP: 38/38 MP: 8/8
  4584 | D:5      | Entered Level 5 of the Dungeon
  4587 | D:5      | Reached skill level 5 in Fighting
  4587 | D:5      | Reached skill level 1 in Evocations
  4591 | D:5      | Reached skill level 5 in Long Blades
  4591 | D:5      | Gained mutation: You have razor-sharp teeth. [Vine Stalker growth]
  4591 | D:5      | Reached XP level 8. HP: 35/43 MP: 7/9
  4823 | D:5      | Reached skill level 1 in Stealth
  4857 | D:5      | Noticed Menkaure
  4869 | D:5      | Killed Menkaure
  4947 | D:5      | Reached ** piety under Makhleb
  5036 | D:5      | Found an ancient bone altar of Kikubaaqudgha.
  5670 | D:6      | Reached skill level 5 in Armour
  5692 | D:6      | Reached skill level 1 in Invocations
  5930 | D:6      | Reached XP level 9. HP: 48/48 MP: 9/11
  6042 | D:6      | Learned a level 4 spell: Petrify
  6359 | D:7      | Found a sand-covered staircase.
  6376 | Ossuary  | Entered an ossuary
  6508 | Ossuary  | Reached *** piety under Makhleb
  6800 | D:7      | Reached skill level 1 in Earth Magic
  6880 | D:7      | Reached skill level 1 in Transmutations
  6967 | D:7      | Found a staircase to the Ecumenical Temple.
  6980 | Temple   | Entered the Ecumenical Temple
  7424 | D:8      | Noticed a two-headed ogre
  7427 | D:8      | Reached **** piety under Makhleb
  7434 | D:8      | Killed a two-headed ogre
  7434 | D:8      | Reached XP level 10. HP: 53/53 MP: 12/14
  7508 | D:8      | Got an encrusted rapier
  7532 | D:8      | Identified the cursed +2 rapier of the Crawling Thing {freeze, rElec Str+3 Int-2} (You found it on level 8 of the Dungeon)
  7778 | D:8      | Found a basalt altar of Yredelemnul.
  7790 | D:8      | Reached skill level 1 in Short Blades
  7969 | D:9      | Found a staircase to the Orcish Mines.
  8088 | D:9      | Reached skill level 5 in Invocations
  8167 | D:9      | You fall through a shaft for 3 floors!
  8167 | D:12     | Noticed a seven-headed hydra
  8268 | D:11     | Noticed Josephine
  8287 | D:10     | Entered Level 10 of the Dungeon
  8510 | D:9      | Reached ***** piety under Makhleb
  8561 | D:9      | Noticed a tengu warrior
  8572 | D:9      | Killed a tengu warrior
  8572 | D:9      | Reached skill level 5 in Short Blades
  8572 | D:9      | Reached XP level 11. HP: 53/58 MP: 15/15
  8612 | D:9      | Noticed a death yak
  8612 | D:9      | Noticed a death yak
  8613 | D:9      | Noticed a death yak
  8613 | D:9      | Noticed a death yak
  8642 | D:9      | Killed a death yak
  8652 | D:9      | Killed a death yak
  8658 | D:9      | Killed a death yak
  8772 | D:9      | Noticed a cyclops
  8798 | D:9      | Killed a cyclops
  8911 | D:9      | Noticed a death yak
  8912 | D:9      | Noticed a death yak
  8912 | D:9      | Noticed a death yak
  8918 | D:9      | Noticed a death yak
  8921 | D:9      | Killed a death yak
  8923 | D:9      | Noticed a death yak
  8984 | D:9      | Found a staircase to the Lair.
  9162 | D:9      | Found a glowing golden altar of the Shining One.
  9172 | D:9      | Noticed Psyche
  9199 | D:9      | Killed Psyche
  9472 | D:9      | You fall through a shaft for 3 floors!
  9748 | D:11     | Noticed Grum
  9763 | D:11     | Slain by a wolf

Skill      XL: |  1  2  3  4  5  6  7  8  9 10 11 |
---------------+----------------------------------+-----
Shields        | 3 4 |  4.1
Fighting       | 3 4 5 6 7 |  7.4
Armour         | 3 4 5 6 7 |  7.1
Long Blades    | 2 3 4 5 6 7 |  7.7
Dodging        | 1 2 3 |  3.6
Evocations     | 1 |  1.5
Stealth        | 2 |  2.4
Invocations    | 1 4 5 |  5.1
Earth Magic    | 2 |  2.1
Transmutations | 2 |  2.3
Short Blades   | 5 7 |  7.7
Spellcasting   | |  0.9

Action                   |  1- 3 |  4- 6 |  7- 9 | 10-12 || total
-------------------------+-------+-------+-------+-------++-------
Melee: Long sword        |    58 |   162 |   285 |    14 ||   519
       Bite              |    29 |    57 |   124 |   158 ||   368
       Rapier            |       |       |       |   375 ||   375
Invok: Minor Destruction |       |       |    41 |     6 ||    47
       Lesser Servant of |       |       |       |     2 ||     2
Evoke: Wand              |       |     8 |     8 |       ||    16
  Use: Scroll            |       |     3 |     7 |    10 ||    20
       Potion            |       |       |     1 |     3 ||     4
  Eat: Chunk             |     2 |     7 |    12 |     8 ||    29
Armor: Scale mail        |    15 |    56 |    37 |   141 ||   249
       Chain mail        |       |       |    63 |       ||    63
Dodge: Dodged            |    16 |    57 |    52 |   120 ||   245
Block: Shield            |    27 |    84 |    95 |   164 ||   370
       Rpst.: Long sword |     8 |    16 |    12 |     2 ||    38
